 Dungeon Crawl Stone Soup version 0.15-a0-729-gf6af66c (webtiles) character file.

70 Fungus the Ruinous (level 4, -1/27 HPs)
             Began as an Octopode Conjurer on May 10, 2014.
             Slain by an orc
             ... wielding a +2,+2 hand axe
              (3 damage)
             ... on Level 2 of the Dungeon.
             The game lasted 00:05:12 (2545 turns).

Fungus the Ruinous (Octopode Conjurer)              Turns: 2545, Time: 00:05:12

HP  -1/27        AC  1     Str  7      XL: 4   Next: 21%
MP   6/8         EV 12     Int 21      God:
Gold 53          SH  0     Dex 12      Spells:  3 memorised,  1 level left

rFire  . . .     SeeInvis .     i - +0 dagger
rCold  . . .     Clarity  .     (no shield)
rNeg   . . .     Conserve .     (helmet restricted)
rPois  .         rCorr    .     (no amulet)
rElec  .         rRot     .     s - +3 ring of intelligence
SustAb . .       Spirit   .     (no ring)
rMut   .         Warding  .     (no ring)
Gourm  .         Stasis   .     (no ring)
MR     .....                    (no ring)
                                (no ring)
                                (no ring)
                                (no ring)

@: not resistant to hostile enchantments, fairly stealthy
A: almost no armour, amphibious, 8 rings, constrict 8, camouflage 1, gelatinous
body 1
a: no special abilities


You were on level 2 of the Dungeon.
You were not hungry.

You visited 1 branch of the dungeon, and saw 3 of its levels.

You collected 53 gold pieces.

Inventory:

Hand weapons
 i - a +0,+0 dagger (weapon)
Comestibles
 b - 5 bread rations
 f - a lemon
 p - 2 chokos
 r - a meat ration
Scrolls
 d - 2 scrolls of noise
 e - a scroll of remove curse
 k - a scroll of recharging {unknown}
 m - a scroll of fear {unknown}
 n - a scroll of teleportation {unknown}
 t - a scroll of identify {unknown}
Jewellery
 s - a +3 ring of intelligence (left tentacle)
Potions
 g - a potion of flight {unknown}
 h - a potion of invisibility {unknown}
 j - a potion of restore abilities {unknown}
 l - 2 potions of curing {unknown}
 o - a potion of poison {unknown}
 q - 3 potions of brilliance {unknown}
 v - a potion of agility
Books
 c - a book of Conjurations

   Spells                             Type                      Level
   *Magic Dart                        Conjuration                  1
   *Searing Ray                       Conjuration                  2
   Dazzling Spray                     Conjuration/Hexes            3
   Fulminant Prism                    Conjuration/Hexes            4
   *Iskenderun's Mystic Blast         Conjuration                  4
   Iskenderun's Battlesphere          Conjuration/Charms           5


   Skills:
 - Level 2.0 Dodging
 + Level 3.4 Stealth
 * Level 2.9 Spellcasting
 * Level 4.8 Conjurations


You had one spell level left.
You knew the following spells:

 Your Spells              Type           Power        Failure   Level  Hunger
i - Iskenderun's Mystic   Conj           ###.....     21%         4    ####...
s - Searing Ray           Conj           ###...       2%          2    ##.....
D - Magic Dart            Conj           ###.         1%          1    None


Dungeon Overview and Level Annotations

Branches:
Dungeon (3/15)

Altars:

Annotations:
D:1 Terence


Innate Abilities, Weirdness & Mutations

You cannot wear most types of armour.
You are amphibious.
You can wear up to eight rings at the same time.
You can use your tentacles to constrict many enemies at once.
Your skin changes colour to match your surroundings (Stealth).
Your rubbery body absorbs attacks (AC +1).


Message History

The hobgoblin shouts!
An adder comes into view.
There is a stone staircase leading up here.
You climb upwards.
There is a stone staircase leading down here.
You climb downwards.
You hear the sound of rushing water.
There is an entrance to a sewer on this level.
Hurry and find it before the portal rusts away!
A giant gecko comes into view.
There is a stone staircase leading up here.
The hobgoblin hits you with a club! The orc hits you with a hand axe!
You climb upwards.
There is a stone staircase leading down here.
Unknown command.
Unknown command.
Unknown command.
The hobgoblin hits you with a club. The orc hits you with a hand axe!
* * * LOW HITPOINT WARNING * * *
The orc hits you with a hand axe.
You die...

#.#..# #...........# #.#..#
#...........# #.#..#
###'#.....<.# #.#..#
#.#.......### #.#..#
#.####...%..# #.#..#
##.####......##### #.#..#
#>................ #.#.(#
#go............... #.#..#
#@#####...##....## #.#..# #.#
#...##....# ###'#..# #.#
######....## .......####### #.#
#......+. .......#.....###.#
#.#....## .......#.........#
#.#....## .......#.....###.#
#.#.##+##
.......#.#######.########.#.#...#
.......#................#.#.#...#


You could see an orc and a hobgoblin.

Vanquished Creatures
  3 adders
  A worm (D:2)
  An ooze (D:1)
  A ball python (D:1)
  2 bats (D:1)
  2 giant cockroaches (D:2)
  8 hobgoblins
  A giant gecko (D:1)
  3 goblins (D:1)
  2 jackals
  5 kobolds
  6 rats
35 creatures vanquished.

Notes
Turn   | Place    | Note
--------------------------------------------------------------
     0 | D:1      | Fungus, the Octopode Conjurer, began the quest for the Orb.
     0 | D:1      | Reached XP level 1. HP: 11/11 MP: 3/3
   153 | D:1      | Reached XP level 2. HP: 10/17 MP: 0/4
   659 | D:1      | Reached XP level 3. HP: 21/21 MP: 4/6
   663 | D:1      | Learned a level 2 spell: Searing Ray
  1454 | D:2      | Noticed Terence
  1483 | D:1      | You fall through a shaft!
  2007 | D:2      | Reached XP level 4. HP: 27/27 MP: 1/8
  2013 | D:2      | Learned a level 4 spell: Iskenderun's Mystic Blast
  2545 | D:2      | Slain by an orc

Action                   |  1- 3 |  4- 6 || total
-------------------------+-------+-------++-------
Melee: Unarmed           |     7 |       ||     7
       Dagger            |     1 |       ||     1
 Cast: Magic Dart        |    62 |    15 ||    77
  Use: Scroll            |       |     3 ||     3
